 Dungeon Crawl Stone Soup version 0.29.0-13-gc9e81de378 (webtiles) character file.

Game seed: 7837730782052331188

189 Iusername the Chopper (level 5, -2/49 HPs)
             Began as a Tengu Berserker on Sept 7, 2022.
             Was a Believer of Trog.
             Killed from afar by an orc wizard (4 damage)
             ... with a puff of flame
             ... on level 3 of the Dungeon.
             The game lasted 00:04:33 (2389 turns).

Iusername the Chopper (Tengu Berserker)             Turns: 2389, Time: 00:04:39

Health: -2/49      AC: 11    Str: 17    XL:     5   Next: 68%
Magic:  6/6        EV:  5    Int: 10    God:    Trog [**....]
Gold:   108        SH:  7    Dex: 13    Spells: 4/4 levels left

rFire   . . .      SeeInvis .   a - +0 hand axe
rCold   . . .      Faith    .   f - +0 kite shield
rNeg    . . .      Spirit   .   r - +0 plate armour
rPois   .          Reflect  .   (helmet restricted)
rElec   .          Harm     .   (no cloak)
rCorr   .          Rampage  .   (no gloves)
Will    .....                   (boots unavailable)
Stlth   ..........              (no amulet)
HPRegen 0.16/turn               (no ring)
MPRegen 0.10/turn               (no ring)

@: berserking (expiring), flying quickly and evasively, very quick
A: beak, talons 3, nimble flight
a: Renounce Religion, Berserk, Trog's Hand


You were on level 3 of the Dungeon.
You worshipped Trog.
Trog was pleased with you.
You visited 1 branch of the dungeon, and saw 3 of its levels.

You collected 108 gold pieces.

Inventory:

Hand Weapons
 a - a +0 hand axe (weapon)
Missiles
 l - 3 javelins (quivered)
Armour
 f - a +0 kite shield (worn)
 r - a +0 plate armour (worn)
Scrolls
 b - 2 scrolls of teleportation {unknown}
 k - a scroll of magic mapping {unknown}
 m - a scroll of poison {unknown}
 n - a scroll of identify
 o - 2 scrolls of immolation {unknown}
 p - a scroll of enchant armour {unknown}
 q - a scroll of noise {unknown}
Potions
 c - 3 potions of curing
 d - a potion of lignification {unknown}
 e - a potion of flight {unknown}
 g - a potion of might {unknown}
 h - 2 potions of heal wounds
 i - 2 potions of mutation {unknown}
 j - 2 potions of invisibility {unknown}


   Skills:
 + Level 3.8 Fighting
 + Level 4.7 Axes
 + Level 1.4 Throwing
 + Level 3.0 Armour
 + Level 3.0 Dodging
 + Level 0.6 Stealth
 + Level 1.0 Shields


You had 4 spell levels left.
You didn't know any spells.
Your spell library was empty.

Dungeon Overview and Level Annotations

Branches:
Dungeon (3/15)

Altars:


Innate Abilities, Weirdness & Mutations

You have a beak for a mouth.
You have claws for feet.
Your magical nature lets you fly swiftly and evasively.


Message History

The orc priest looks encouraged for a moment.
Things that are here:
a +0 club; a +0 ring mail; an orc corpse You barely miss the goblin.
Your kick misses the goblin.
The goblin is severely wounded.
You hit the orc. You barely miss the goblin. You peck the goblin.
You kill the goblin!
Trog accepts your kill.
You hit the orc but do no damage. The orc hits you with a +0 hand axe.
* * * LOW HITPOINT WARNING * * *
You slash the orc priest! You claw the orc priest.
The orc priest is almost dead.
You hit the rat. You slash the orc!
You kill the orc!
Trog accepts your kill.
The orc priest looks braver for a moment.
The orc priest hits you with a +0 dagger.
* * * LOW HITPOINT WARNING * * *
The rat bites you.
* * * LOW HITPOINT WARNING * * *
You hit the orc priest.
You feel the power of Trog in you as your rage grows.
You kill the orc priest!
Trog accepts your kill.
You slash the rat!
You kill the rat!
Trog accepts your kill.
The orc priest mumbles some strange prayers to Beogh against you.
Beogh smites you!
* * * LOW HITPOINT WARNING * * *
Your Armour skill increases to level 3!
Your Shields skill increases to level 1!
You slash the endoplasm!
You kill the endoplasm!
Trog accepts your kill.
You hear some strange, mumbled words.
A puff of flame appears from out of thin air!
The puff of flame hits you.
You die...

#.##.###.# #. ...#
#.##..)..# #.#...
#........# #...#
#######..#####.###
#..........#
#.###.####.# #.#
#.# #.#####.# #.#
#.# #.).o.... #.#
#.# #@).o.... #.#
#......†{o.... #.#
#######.##.... #.
.. .##. ..# # ..#
###


You could see an orc priest and 2 orcs.

Vanquished Creatures
  2 orc priests (D:3)
  An iguana (D:2)
  An adder (D:2)
  A worm (D:2)
  14 orcs (D:3)
  5 bats
  8 endoplasms
  2 giant cockroaches
  8 goblins
  7 hobgoblins
  8 jackals
  A kobold (D:2)
  6 ball pythons
  A frilled lizard (D:1)
  5 rats
70 creatures vanquished.

Notes
Turn   | Place    | Note
-------+----------+-------------------------------------------
     0 | D:1      | Iusername the Tengu Berserker began the quest for the Orb.
     0 | D:1      | Reached XP level 1. HP: 14/14 MP: 2/2
   115 | D:1      | Reached XP level 2. HP: 19/19 MP: 3/3
   595 | D:1      | Reached XP level 3. HP: 23/23 MP: 4/4
  1240 | D:2      | Reached skill level 4 in Axes
  1260 | D:2      | Reached ** piety under Trog
  1403 | D:2      | Reached XP level 4. HP: 21/29 MP: 5/5
  1413 | D:2      | Found a faded altar of an unknown god.
  1983 | D:3      | Reached skill level 1 in Throwing
  1983 | D:3      | Gained mutation: Your magical nature lets you fly swiftly
                  | and evasively. [Tengu growth]
  1983 | D:3      | Reached XP level 5. HP: 32/33 MP: 6/6
  2388 | D:3      | HP: 2/49 [orc priest/divine providence (8)]
  2389 | D:3      | Reached skill level 1 in Shields
  2389 | D:3      | Killed from afar by an orc wizard

Illustrated notes

Levels and vault maps discovered:
D:1:      lightli_arrival_maybe_door_vault, layout_basic, amethyst_killhole
D:2:      layout_basic, hellmonk_ecumenical_altar_dog_temple
D:3:      layout_loops_ring, serial_shops, nicolae_shop_hallway_plus,
          st_stairs_13

Skill      XL: |  1  2  3  4  5 |
---------------+----------------+-----
Axes           | 4 |  4.7
Throwing       | 1 |  1.4
Dodging        | 3 |  3.0
Armour         | 3 |  3.0
Shields        | 1 |  1.0
Fighting       | |  3.8
Stealth        | |  0.6

Action                   |  1- 3 |  4- 6 || total
-------------------------+-------+-------++-------
Melee: Hand axe          |    74 |    52 ||   126
       Kick              |    27 |    16 ||    43
       Peck              |     8 |     6 ||    14
Throw: Javelin           |    14 |     6 ||    20
Invok: Berserk           |       |     2 ||     2
  Use: Scroll            |       |     2 ||     2
 Stab: Sleeping          |     1 |       ||     1
Armor: Animal skin       |    15 |       ||    15
       Scale mail        |     9 |     5 ||    14
       Plate armour      |       |    15 ||    15
Dodge: Dodged            |    37 |    11 ||    48
Block: Kite shield       |    14 |    21 ||    35
